General information
- name: BNet
- type: Ladder team game (AT/RT)
- host: Battle.net
- saver: LetMeDoItAgain
map: GolemsInTheMist
- players: 8
- length: 33:23
- speed: Fast
- version: 1.26 W3XP
- replay type: Public
» download(186 KB)
Players
team 1 (loser)
Orcmasters (
pink | 43 APM | 1061 actions | 24:27)
5 Crypt Lord
1 Carrion Beetles
2 Spiked Carapace
2 Impale
4 Lich
2 Frost Armor
2 Frost Nova
» actions
| Assign group hotkey | 20 | |
| Basic commands | 15 | |
| Build / train | 56 | |
| Enter build submenu | 17 | |
| Enter hero's abilities submenu | 9 | |
| Give item / drop item | 2 | |
| Right click | 663 | |
| Select / deselect | 200 | |
| Select group hotkey | 43 | |
| Use ability | 36 | |
1061 total
» units
| Acolyte | 2 | |
| Ghoul | 11 | |
| Crypt Fiend | 11 | |
| Frost Wyrm | 7 | |
31 total
» upgrades
| Creature Carapace | 2 | |
| Creature Attack | 1 | |
| Web | 1 | |
| Freezing Breath | 1 | |
| Burrow | 1 | |
6 total
» buildings
| Ziggurat | 6 | |
| Graveyard | 1 | |
| Altar of Darkness | 1 | |
| Crypt | 2 | |
| Tomb of Relics | 2 | |
| Nerubian Tower | 1 | |
| Halls of the Dead | 1 | |
| Sacrificial Pit | 1 | |
| Black Citadel | 1 | |
| Boneyard | 2 | |
| Spirit Tower | 1 | |
19 total
» build order
00:14 Ziggurat
00:21 Graveyard
00:39 Altar of Darkness
01:03 Crypt
01:17 Tomb of Relics
01:28 Nerubian Tower
01:49 Ziggurat
03:27 Ziggurat
03:55 Halls of the Dead
05:07 Ziggurat
06:33 Sacrificial Pit
07:01 Ziggurat
07:24 Black Citadel
08:51 Ziggurat
09:47 Boneyard
09:51 Boneyard
11:02 Spirit Tower
17:16 Crypt
21:29 Tomb of Relics
» items
| Rod of Necromancy | 1 | |
| Scroll of Healing | 2 | |
| Potion of Healing | 1 | |
4 total
DOG.WALKER. (
purple | 64 APM | 2152 actions | 33:22)
8 Blood Mage
3 Flame Strike
3 Banish
1 Summon Phoenix
1 Siphon Mana
» actions
| Assign group hotkey | 31 | |
| Basic commands | 100 | |
| Build / train | 85 | |
| Enter build submenu | 24 | |
| Enter hero's abilities submenu | 8 | |
| Give item / drop item | 1 | |
| Right click | 928 | |
| Select / deselect | 232 | |
| Select group hotkey | 640 | |
| Use ability | 103 | |
2152 total
» units
| Peasant | 11 | |
| Footman | 4 | |
| Goblin Shredder | 5 | |
| Gryphon Rider | 11 | |
31 total
» upgrades
| Masonry | 3 | |
| Swords | 3 | |
| Armor | 3 | |
| Animal War Training | 1 | |
| Storm Hammers | 1 | |
11 total
» buildings
| Altar of Kings | 1 | |
| Barracks | 1 | |
| Farm | 11 | |
| Scout Tower | 26 | |
| Arcane Vault | 1 | |
| Arcane Tower | 1 | |
| Town Hall | 2 | |
| Lumber Mill | 1 | |
| Keep | 1 | |
| Guard Tower | 18 | |
| Blacksmith | 1 | |
| Castle | 2 | |
| Gryphon Aviary | 3 | |
69 total
» build order
00:07 Altar of Kings
00:21 Barracks
00:35 Farm
00:51 Farm
01:34 Farm
01:39 Scout Tower
02:02 Arcane Vault
02:21 Arcane Tower
03:31 Farm
03:39 Town Hall
03:50 Scout Tower
03:50 Scout Tower
05:28 Lumber Mill
05:31 Keep
06:02 Scout Tower
06:02 Scout Tower
06:03 Scout Tower
06:04 Scout Tower
06:06 Scout Tower
06:07 Scout Tower
06:08 Scout Tower
06:08 Scout Tower
06:09 Scout Tower
06:12 Scout Tower
06:38 Guard Tower
06:38 Guard Tower
06:43 Guard Tower
06:48 Blacksmith
06:54 Scout Tower
06:54 Scout Tower
06:56 Scout Tower
06:57 Scout Tower
06:58 Scout Tower
06:59 Scout Tower
07:13 Farm
07:20 Guard Tower
07:46 Guard Tower
07:51 Guard Tower
07:54 Castle
07:54 Castle
08:05 Farm
08:06 Farm
08:08 Farm
08:09 Farm
08:42 Gryphon Aviary
08:58 Gryphon Aviary
09:22 Gryphon Aviary
09:26 Guard Tower
09:41 Guard Tower
10:15 Scout Tower
10:15 Scout Tower
10:36 Farm
10:36 Farm
11:03 Guard Tower
11:04 Guard Tower
11:28 Scout Tower
11:29 Scout Tower
11:29 Scout Tower
11:31 Scout Tower
11:31 Scout Tower
11:42 Guard Tower
12:18 Guard Tower
13:56 Town Hall
14:58 Guard Tower
» items
| Scroll of Regeneration | 2 | |
| Scroll of Town Portal | 2 | |
| Ivory Tower | 3 | |
| Potion of Healing | 2 | |
| Orb of Fire | 1 | |
| Staff of Sanctuary | 1 | |
11 total
noob_here (
blue | 13 APM | 419 actions | 31:49)
4 Demon Hunter
2 Immolation
2 Evasion
» actions
| Basic commands | 42 | |
| Build / train | 46 | |
| Enter build submenu | 22 | |
| Enter hero's abilities submenu | 3 | |
| Right click | 58 | |
| Select / deselect | 201 | |
| Use ability | 47 | |
419 total
» units
| Wisp | 18 | |
| Huntress | 3 | |
| Druid of the Claw | 4 | |
| Mountain Giant | 1 | |
26 total
» upgrades
| Reinforced Hides | 3 | |
| Strength of the Wild | 3 | |
| Druid of the Claw Training | 2 | |
| Mark of the Claw | 1 | |
| Well Spring | 1 | |
| Hardened Skin | 1 | |
| Resistant Skin | 1 | |
12 total
» buildings
| Hunter's Hall | 1 | |
| Moon Well | 7 | |
| Ancient Protector | 5 | |
| Altar of Elders | 1 | |
| Ancient of War | 2 | |
| Tree of Ages | 1 | |
| Ancient of Wonders | 1 | |
| Ancient of Lore | 3 | |
| Tree of Eternity | 1 | |
22 total
» build order
00:26 Hunter's Hall
00:40 Moon Well
01:35 Ancient Protector
01:48 Ancient Protector
02:22 Ancient Protector
02:32 Ancient Protector
03:17 Altar of Elders
03:58 Ancient of War
04:31 Moon Well
04:39 Ancient of War
05:57 Moon Well
06:25 Tree of Ages
07:34 Moon Well
08:36 Moon Well
09:15 Ancient of Wonders
09:49 Ancient of Lore
09:58 Ancient of Lore
10:08 Moon Well
13:12 Ancient of Lore
13:15 Tree of Eternity
18:12 Moon Well
21:07 Ancient Protector
» items

»
darkside21 (
red | 31 APM | 974 actions | 31:39)
3 Demon Hunter
1 Immolation
2 Evasion
3 Priestess of the Moon
2 Trueshot Aura
1 Searing Arrows
» actions
| Assign group hotkey | 18 | |
| Basic commands | 1 | |
| Build / train | 49 | |
| Enter build submenu | 13 | |
| Enter hero's abilities submenu | 6 | |
| Right click | 320 | |
| Select / deselect | 348 | |
| Select group hotkey | 189 | |
| Use ability | 30 | |
974 total
» units
» upgrades
| Strength of the Moon | 3 | |
| Moon Armor | 3 | |
| Improved Bows | 1 | |
| Sentinel | 1 | |
| Marksmanship | 1 | |
| Upgrade Moon Glaive | 1 | |
10 total
» buildings
| Moon Well | 6 | |
| Altar of Elders | 1 | |
| Hunter's Hall | 1 | |
| Ancient of War | 2 | |
| Ancient of Wonders | 1 | |
| Tree of Ages | 1 | |
| Tree of Eternity | 1 | |
| Ancient of Wind | 2 | |
15 total
» build order
00:14 Moon Well
00:20 Altar of Elders
00:50 Moon Well
01:51 Hunter's Hall
02:06 Ancient of War
02:23 Ancient of War
02:37 Moon Well
02:46 Ancient of Wonders
05:14 Tree of Ages
05:55 Moon Well
06:01 Moon Well
07:35 Tree of Eternity
10:29 Moon Well
20:39 Ancient of Wind
20:42 Ancient of Wind
» items
team 2 (winner)

»
13ruceLee (
yellow | 46 APM | 556 actions | 12:00)
3 Demon Hunter
1 Mana Burn
1 Immolation
1 Evasion
1 Keeper of the Grove
1 Entangling Roots
» actions
| Assign group hotkey | 21 | |
| Basic commands | 6 | |
| Build / train | 37 | |
| Enter build submenu | 13 | |
| Enter hero's abilities submenu | 4 | |
| Right click | 246 | |
| Select / deselect | 138 | |
| Select group hotkey | 70 | |
| Use ability | 21 | |
556 total
» units
» upgrades
| Ultravision | 1 | |
| Improved Bows | 1 | |
2 total
» buildings
| Altar of Elders | 1 | |
| Moon Well | 6 | |
| Ancient of War | 1 | |
| Ancient of Wonders | 1 | |
| Hunter's Hall | 1 | |
| Tree of Ages | 1 | |
| Ancient of Lore | 1 | |
| Tree of Eternity | 1 | |
13 total
» build order
00:10 Altar of Elders
00:14 Moon Well
01:02 Ancient of War
01:41 Moon Well
02:42 Ancient of Wonders
02:51 Hunter's Hall
03:10 Moon Well
04:35 Tree of Ages
05:36 Moon Well
08:18 Ancient of Lore
08:27 Moon Well
08:29 Tree of Eternity
10:42 Moon Well
» items
| Dust of Appearance | 1 | |
| Moonstone | 1 | |
2 total
LoveSorceror (
orange | 59 APM | 1986 actions | 33:23)
9 Archmage
3 Summon Water Elemental
3 Brilliance Aura
1 Mass Teleport
2 Blizzard
» actions
| Assign group hotkey | 87 | |
| Basic commands | 67 | |
| Build / train | 106 | |
| Enter build submenu | 38 | |
| Enter hero's abilities submenu | 9 | |
| Give item / drop item | 3 | |
| Right click | 929 | |
| Select / deselect | 428 | |
| Select group hotkey | 171 | |
| Use ability | 148 | |
1986 total
» units
| Peasant | 13 | |
| Footman | 8 | |
| Goblin Shredder | 7 | |
| Gryphon Rider | 18 | |
| Goblin Zeppelin | 1 | |
47 total
» upgrades
| Lumber Harvesting | 1 | |
| Masonry | 3 | |
| Swords | 3 | |
| Storm Hammers | 1 | |
| Armor | 3 | |
| Animal War Training | 1 | |
| Cloud | 1 | |
13 total
» buildings
| Altar of Kings | 1 | |
| Barracks | 1 | |
| Farm | 11 | |
| Arcane Vault | 1 | |
| Keep | 1 | |
| Lumber Mill | 1 | |
| Blacksmith | 2 | |
| Castle | 1 | |
| Town Hall | 5 | |
| Gryphon Aviary | 4 | |
| Scout Tower | 20 | |
| Guard Tower | 13 | |
61 total
» build order
00:49 Altar of Kings
00:50 Barracks
00:55 Farm
01:07 Farm
01:16 Farm
01:59 Farm
03:26 Arcane Vault
04:07 Farm
04:16 Keep
04:44 Lumber Mill
04:48 Blacksmith
04:51 Farm
07:25 Castle
07:35 Town Hall
07:58 Gryphon Aviary
08:00 Gryphon Aviary
08:01 Gryphon Aviary
09:56 Farm
09:57 Farm
09:58 Farm
09:58 Farm
09:58 Farm
10:07 Blacksmith
12:40 Scout Tower
12:41 Scout Tower
12:41 Scout Tower
12:42 Scout Tower
12:43 Scout Tower
12:44 Scout Tower
12:45 Scout Tower
12:45 Scout Tower
12:46 Scout Tower
12:47 Scout Tower
13:15 Guard Tower
13:16 Guard Tower
13:31 Scout Tower
13:32 Scout Tower
13:36 Guard Tower
13:44 Guard Tower
14:03 Guard Tower
14:29 Guard Tower
14:31 Guard Tower
15:52 Guard Tower
17:24 Gryphon Aviary
17:36 Town Hall
17:40 Scout Tower
17:40 Scout Tower
17:41 Scout Tower
17:43 Scout Tower
17:45 Scout Tower
17:45 Scout Tower
17:47 Scout Tower
17:49 Scout Tower
18:19 Guard Tower
18:34 Guard Tower
18:38 Guard Tower
18:42 Guard Tower
22:18 Town Hall
26:45 Town Hall
28:01 Guard Tower
30:22 Town Hall
» items
| Scroll of Regeneration | 6 | |
| Lesser Clarity Potion | 2 | |
| Scroll of Town Portal | 4 | |
| Ivory Tower | 5 | |
| Potion of Healing | 3 | |
20 total
LetMeDoItAgain (
teal | 59 APM | 1954 actions | 33:23)
8 Death Knight
3 Death Coil
3 Unholy Aura
1 Animate Dead
1 Death Pact
1 Demon Hunter
1 Evasion
1 Keeper of the Grove
1 Thorns Aura
» actions
| Assign group hotkey | 36 | |
| Basic commands | 64 | |
| Build / train | 129 | |
| ESC pressed | 1 | |
| Enter build submenu | 34 | |
| Enter hero's abilities submenu | 10 | |
| Remove unit from queue | 2 | |
| Right click | 587 | |
| Select / deselect | 430 | |
| Select group hotkey | 582 | |
| Use ability | 79 | |
1954 total
» units
| Acolyte | 18 | |
| Ghoul | 4 | |
| Crypt Fiend | 5 | |
| Gargoyle | 15 | |
| Obsidian Statue | 11 | |
53 total
» upgrades
| Creature Attack | 3 | |
| Creature Carapace | 3 | |
| Web | 1 | |
| Destroyer Form | 1 | |
| Ghoul Frenzy | 1 | |
| Burrow | 1 | |
| Backpack | 1 | |
| Stone Form | 1 | |
| Cannibalize | 1 | |
| Unholy Strength | 3 | |
| Unholy Armor | 2 | |
| Disease Cloud | 1 | |
| Exhume Corpses | 1 | |
20 total
» buildings
| Altar of Darkness | 1 | |
| Ziggurat | 17 | |
| Crypt | 2 | |
| Tomb of Relics | 1 | |
| Graveyard | 1 | |
| Nerubian Tower | 4 | |
| Halls of the Dead | 5 | |
| Slaughterhouse | 2 | |
| Necropolis | 2 | |
| Spirit Tower | 12 | |
| Black Citadel | 2 | |
| Sacrificial Pit | 1 | |
50 total
» build order
00:07 Altar of Darkness
00:09 Ziggurat
00:33 Crypt
00:57 Crypt
01:16 Tomb of Relics
01:46 Graveyard
02:22 Ziggurat
02:35 Nerubian Tower
02:36 Nerubian Tower
04:21 Halls of the Dead
04:21 Halls of the Dead
04:22 Halls of the Dead
04:54 Ziggurat
06:48 Slaughterhouse
07:36 Ziggurat
07:38 Ziggurat
08:43 Necropolis
08:45 Necropolis
09:36 Spirit Tower
10:04 Ziggurat
10:11 Ziggurat
10:29 Black Citadel
11:13 Spirit Tower
11:13 Spirit Tower
11:30 Slaughterhouse
11:32 Sacrificial Pit
11:56 Ziggurat
11:57 Ziggurat
12:20 Spirit Tower
12:57 Spirit Tower
12:57 Spirit Tower
16:17 Ziggurat
16:18 Ziggurat
16:20 Ziggurat
17:11 Spirit Tower
17:11 Spirit Tower
17:14 Spirit Tower
23:52 Ziggurat
23:56 Ziggurat
23:57 Ziggurat
23:58 Ziggurat
23:59 Ziggurat
24:52 Spirit Tower
25:31 Spirit Tower
31:13 Spirit Tower
» items
| Rod of Necromancy | 4 | |
| Scroll of Town Portal | 2 | |
| Orb of Fire | 1 | |
7 total

»
vividrage (
green | 20 APM | 605 actions | 30:32)
4 Dreadlord
2 Sleep
2 Carrion Swarm
» actions
| Assign group hotkey | 2 | |
| Basic commands | 15 | |
| Build / train | 108 | |
| Enter build submenu | 30 | |
| Enter hero's abilities submenu | 4 | |
| Remove unit from queue | 1 | |
| Right click | 142 | |
| Select / deselect | 247 | |
| Select group hotkey | 5 | |
| Use ability | 51 | |
605 total
» units
| Acolyte | 20 | |
| Ghoul | 6 | |
| Goblin Shredder | 1 | |
| Goblin Zeppelin | 1 | |
| Gargoyle | 27 | |
| Druid of the Claw | 6 | |
| Mountain Giant | 2 | |
| Frost Wyrm | 5 | |
| Wisp | 10 | |
78 total
» upgrades
| Creature Attack | 3 | |
| Creature Carapace | 2 | |
| Strength of the Wild | 2 | |
| Reinforced Hides | 2 | |
| Druid of the Claw Training | 2 | |
| Freezing Breath | 1 | |
| Mark of the Claw | 1 | |
| Hardened Skin | 1 | |
| Resistant Skin | 1 | |
15 total
» buildings
| Ziggurat | 11 | |
| Altar of Darkness | 1 | |
| Crypt | 2 | |
| Nerubian Tower | 2 | |
| Graveyard | 1 | |
| Tomb of Relics | 1 | |
| Spirit Tower | 5 | |
| Halls of the Dead | 1 | |
| Necropolis | 1 | |
| Black Citadel | 1 | |
| Sacrificial Pit | 1 | |
| Ancient of Lore | 3 | |
| Boneyard | 4 | |
| Moon Well | 2 | |
36 total
» build order
00:30 Ziggurat
00:37 Altar of Darkness
00:43 Crypt
01:24 Nerubian Tower
01:34 Graveyard
02:05 Ziggurat
02:25 Tomb of Relics
03:05 Ziggurat
03:17 Spirit Tower
04:08 Spirit Tower
04:12 Ziggurat
05:20 Halls of the Dead
05:38 Spirit Tower
06:11 Ziggurat
06:47 Crypt
08:08 Nerubian Tower
09:10 Necropolis
09:26 Black Citadel
09:30 Sacrificial Pit
12:16 Ancient of Lore
12:20 Ancient of Lore
12:25 Ancient of Lore
13:21 Boneyard
13:34 Boneyard
13:37 Boneyard
13:42 Boneyard
13:48 Ziggurat
13:52 Ziggurat
13:56 Ziggurat
14:00 Ziggurat
14:06 Ziggurat
14:10 Ziggurat
15:26 Spirit Tower
15:52 Spirit Tower
16:22 Moon Well
16:25 Moon Well
Chat log
(00:18 / All) LoveSorceror: You have listen... listening problem,bro?
(00:25 / All) LetMeDoItAgain: How mad u are bro
(00:39 / All) LetMeDoItAgain: How mad ua re son
(00:41 / All) LetMeDoItAgain: is deezer son
(00:44 / All) LetMeDoItAgain: DEEZER
(00:47 / All) LetMeDoItAgain: the CHEESER
(00:51 / All) LetMeDoItAgain: cuz my cheese is stronger son
(04:18 / Allies) LetMeDoItAgain: creep expos?
(05:53 / Allies) LetMeDoItAgain: pro creepjack
(06:07 / Allies) LoveSorceror: feck lozl
(06:13 / Allies) LoveSorceror: my shreddah
(07:11 / Allies) LoveSorceror: pretty annoying that they attack for attacking trees
(07:21 / Allies) LetMeDoItAgain: yeah
(09:22 / All) LoveSorceror: Eat a dick red
(09:48 / Allies) LetMeDoItAgain: thank
(09:48 / Allies) LetMeDoItAgain: s
(12:08 / Allies) LoveSorceror: just b?
(12:14 / Allies) LetMeDoItAgain: b
(14:02 / Allies) LetMeDoItAgain: help niggers
(14:26 / Allies) vividrage: tp when get to a town
(15:09 / All) LetMeDoItAgain: was that expo worth your army?
(15:18 / All) darkside21: yes
(15:21 / All) LetMeDoItAgain: LOL
(15:27 / All) LetMeDoItAgain: 255 gold 180 lumber for an entire army
(15:32 / All) LetMeDoItAgain: COST EFFECTIVE
(15:45 / All) darkside21: winning is effective
(15:52 / All) LetMeDoItAgain: did you know
(15:54 / All) LetMeDoItAgain: throwing away units
(15:58 / All) LetMeDoItAgain: != winning?!
(16:30 / All) LetMeDoItAgain: sick army now brah
(16:45 / All) LetMeDoItAgain: wyrms against destros
(16:51 / All) LetMeDoItAgain: sick
(17:36 / Allies) LoveSorceror: wood
(18:14 / Allies) LoveSorceror: hurry
(18:23 / Allies) LetMeDoItAgain: omw
(18:51 / All) LoveSorceror: haha niggers
(18:54 / All) LetMeDoItAgain: wyrms against mass aa
(18:55 / All) LoveSorceror: come at me bro
(18:57 / All) LetMeDoItAgain: fuckwits
(19:00 / All) LetMeDoItAgain: one trick pony UD
(19:02 / All) LetMeDoItAgain: 30 APM clown
(19:37 / Allies) LetMeDoItAgain: tp
(19:38 / Allies) LetMeDoItAgain: idiot
(21:11 / All) LetMeDoItAgain: sick trade brah
(21:13 / All) LetMeDoItAgain: 4 armies for 1 hero
(21:18 / All) LetMeDoItAgain: and 0 units
(21:19 / All) LetMeDoItAgain: basically
(21:20 / All) LetMeDoItAgain: get
(21:21 / All) LetMeDoItAgain: the
(21:22 / All) LetMeDoItAgain: fuck
(21:23 / All) LetMeDoItAgain: out
(21:24 / All) LetMeDoItAgain: scrubs
(21:45 / Allies) LetMeDoItAgain: don't hit yet
(21:48 / Allies) LetMeDoItAgain: wait for my dk to resurrect
(21:50 / Allies) LetMeDoItAgain: imo
(22:18 / Allies) vividrage: hit main
(22:45 / All) LoveSorceror: No hero for j00
(23:15 / Allies) LetMeDoItAgain: jesus you're level 10 lol
(23:18 / Allies) LetMeDoItAgain: My DK has been dead for so long
(23:20 / Allies) LetMeDoItAgain: No XP
(23:25 / Allies) LetMeDoItAgain: God damn latency on that TP
(24:07 / All) Orcmasters: tp noobs
(24:11 / All) Orcmasters: fucking noob
(24:11 / All) LetMeDoItAgain: you got fucked
(24:15 / All) LetMeDoItAgain: don't mass wyrms
(24:17 / All) Orcmasters: gg noob
(24:20 / All) LetMeDoItAgain: fuckwit
(24:21 / All) Orcmasters: you mad noob
(24:24 / All) LetMeDoItAgain: wyrms against destros
(24:25 / All) Orcmasters: hhahaha noob
(24:47 / All) LetMeDoItAgain: He was so bad
(25:16 / All) LetMeDoItAgain: You thought you'd get it
(25:16 / All) LetMeDoItAgain: LOL
(25:43 / All) LetMeDoItAgain: Blue thought he'd get that expo
(26:00 / All) DOG.WALKER.: blue is new
(26:51 / All) noob_here: \no, have no gold with purple and his 4k
(27:27 / All) DOG.WALKER.: blue dh stuck
(28:59 / All) DOG.WALKER.: why am i always on the team w/o one of u
(29:22 / Allies) vividrage: lol y u killm e
(29:26 / All) noob_here: puprle why do u have 5k gold
(29:31 / Allies) LetMeDoItAgain: it was a hero in my base
(29:33 / Allies) LetMeDoItAgain: it had to die
(29:39 / Allies) LoveSorceror: He wants to witness your vivid rage
(30:09 / All) DOG.WALKER.: standoff?
(30:15 / All) LetMeDoItAgain: I've been shit talking orcmasters for 15 minutes now
(30:18 / All) LetMeDoItAgain: in whispers
(30:23 / All) LetMeDoItAgain: he is incredibly mad and wants to 1v1
(30:28 / All) LoveSorceror: lozl
(30:37 / All) DOG.WALKER.: i didnt evne listen to one word he said
(30:40 / All) LoveSorceror: welp
(30:42 / All) LoveSorceror: no stand off
(31:07 / All) LetMeDoItAgain: apm is probably 10 from all the shit talking I'm doing in private chat
(31:59 / All) DOG.WALKER.: who loses
(32:05 / All) DOG.WALKER.: ill be watching tv after this
(32:09 / All) LetMeDoItAgain: Orcmasters loses
(32:14 / All) DOG.WALKER.: i shall leave then
(32:21 / All) LetMeDoItAgain: k
(32:22 / All) LetMeDoItAgain: well done
(32:53 / All) LoveSorceror: villain
(32:59 / All) LoveSorceror: Smiling damned villain
(33:09 / All) DOG.WALKER.: raped u 2 lawl
(33:22 / All) LoveSorceror: You attacked my hero